 Dungeon Crawl Stone Soup version 0.21.1-1-g345015f (webtiles) character file.

186 frobop the Stinger (level 5, 21/21 HPs)
             Began as a Felid Venom Mage on Mar 19, 2018.
             Was a Believer of Elyvilon.
             Quit the game on level 4 of the Dungeon.
             The game lasted 00:18:16 (4312 turns).

frobop the Stinger (Felid Venom Mage)               Turns: 4312, Time: 00:18:16

Health: 21/21      AC:  2    Str:  4    XL:     5   Next: 38%
Magic:  9/9        EV: 18    Int: 19    God:    Elyvilon [**....]
Gold:   124        SH:  0    Dex: 16    Spells: 2/8 levels left
                                        Lives:  0   Deaths: 1

rFire    . . .     SeeInvis +     - Unarmed
rCold    . . .     Gourm    .   (shield unavailable)
rNeg     . . .     Faith    .   (armour unavailable)
rPois    .         Spirit   .   (helmet unavailable)
rElec    .         Reflect  .   (cloak unavailable)
rCorr    .         Harm     .   (gloves unavailable)
MR       .....                  (boots unavailable)
Stlth    +++.......             (no amulet)
HPRegen  0.07/turn              (no ring)
MPRegen  0.11/turn              (no ring)

@: quick
A: very small, no armour, no weapons or thrown items, stealth, claws 1, fangs 3,
see invisible, carnivore, speed 1, shaggy fur 2, slow metabolism 1, sharp paws
a: Lesser Healing, Heal Other, Divine Protection, Renounce Religion


You were on level 4 of the Dungeon.
You worshipped Elyvilon.
Elyvilon was pleased with you.
You were not hungry.

You visited 1 branch of the dungeon, and saw 4 of its levels.

You collected 124 gold pieces.

Inventory:

Jewellery
 d - an uncursed ring of flight {unknown}
Scrolls
 e - 3 scrolls of remove curse {unknown}
 g - 2 scrolls of amnesia {unknown}
 i - a scroll of immolation {unknown}
 m - a scroll of fear {unknown}
 n - 2 scrolls of identify {unknown}
Potions
 c - 2 potions of agility
 f - a potion of cancellation {unknown}
 h - a potion of magic {unknown}
 l - 2 potions of invisibility {unknown}
Books
 a - a Young Poisoner's Handbook

   Spells                             Type                      Level
   a - Sting                          Conjuration/Poison           1
   b - Poisonous Vapours              Poison/Air                   2
   c - Mephitic Cloud                 Conjuration/Poison/Air       3
   d - Olgreb's Toxic Radiance        Poison                       4
   e - Venom Bolt                     Conjuration/Poison           5
 o - a book of Burglary

   Spells                             Type                      Level
   a - Swiftness                      Charms/Air                   2
   b - Passwall                       Transmutation/Earth          2
   c - Passage of Golubria            Translocation                4
   d - Lee's Rapid Deconstruction     Earth                        5
   e - Darkness                       Hexes                        6
   f - Invisibility                   Hexes                        6
Comestibles
 b - 8 rations


   Skills:
 - Level 2.7 Dodging
 + Level 4.8 Stealth
 + Level 2.9 Unarmed Combat
 - Level 2.0 Spellcasting
 - Level 0.8 Conjurations
 + Level 1.6 Air Magic
 * Level 4.9 Poison Magic


You had 2 spell levels left.
You knew the following spells:

 Your Spells              Type           Power        Failure   Level  Hunger
a - Sting                 Conj/Pois      ##..         4%          1    #......
b - Poisonous Vapours     Pois/Air       ##....       7%          2    ###....
c - Mephitic Cloud        Conj/Pois/Air  ##......     19%         3    ###....


Dungeon Overview and Level Annotations

Branches:
Dungeon (4/15)
 Temple: D:4-7

Altars:
Elyvilon

Annotations:
D:4 Marcia's ghost, amateur VSBe


Innate Abilities, Weirdness & Mutations

You cannot wear armour.
You are incapable of wielding weapons or throwing items.
Your paws allow you to move quietly. (Stealth)
You have sharp claws.
You have razor-sharp teeth.
You have supernaturally acute eyesight. (SInv)
You are carnivorous and can eat meat at any time.
You cover ground quickly.
You are covered in thick fur. (AC +2)
You have a slow metabolism.
Your sharp claws are effective at attacking unaware monsters.


Message History

* * * LOW HITPOINT WARNING * * *
You are more poisoned.
The killer bee poisons you!
* * * LOW HITPOINT WARNING * * *
You feel sick.
You kill the killer bee!
Okay, then.
You fail to use your ability.
* * * LOW HITPOINT WARNING * * *
You feel sick.
* * * LOW HITPOINT WARNING * * *
You feel sick.
You are healed.
You feel somewhat less full.
* * * LOW HITPOINT WARNING * * *
You feel sick. Marcia's ghost hits you!
You die...
You are now level 5!
You rejoin the land of the living...
You can now heal and attempt to pacify others.
Are you sure you want to abandon this character and quit the game? (Confirm with "yes".)

######.#### ..
#.##............ #.#
####................
..##.........#####..###
.........#..# #..#
#..........# #..#
#......... #..#
#.##......# #..# #..
#......h..# #..# #.o
#.............. ##..
#.........#...# .#...
#.##...##.#.... ......
. #... #.##... #...
#... ....o. #..####
#### #.##.# #.....#
#.##.# #.###.# #.##.#


There were no monsters in sight!

Vanquished Creatures
  5 killer bees (D:4)
  A worker ant (D:4)
  4 adders
  An ooze (D:2)
  A worm (D:2)
  2 dart slugs (D:1)
  4 leopard geckos
  2 orcs (D:4)
  6 bats
  6 giant cockroaches
  5 goblins
  5 hobgoblins
  5 jackals
  3 ball pythons
  3 frilled lizards (D:1)
  7 kobolds
  5 rats
65 creatures vanquished.

Notes
Turn   | Place    | Note
-------+----------+-------------------------------------------
     0 | D:1      | frobop the Felid Venom Mage began the quest for the Orb.
     0 | D:1      | Reached XP level 1. HP: 7/7 MP: 4/4
   418 | D:1      | Reached XP level 2. HP: 11/11 MP: 4/6
   660 | D:1      | Reached skill level 1 in Unarmed Combat
  1550 | D:1      | Reached XP level 3. HP: 14/14 MP: 5/7
  1590 | D:2      | Found a white marble altar of Elyvilon.
  1604 | D:2      | Became a worshipper of Elyvilon the Healer
  2195 | D:2      | Learned a level 2 spell: Poisonous Vapours
  2199 | D:2      | Learned a level 3 spell: Mephitic Cloud
  2611 | D:3      | Reached XP level 4. HP: 18/18 MP: 4/8
  2742 | D:3      | Reached * piety under Elyvilon
  4042 | D:4      | Reached XP level 5. HP: 21/21 MP: 2/9
  4131 | D:4      | Elyvilon protects you from harm!
  4136 | D:4      | Reached skill level 1 in Air Magic
  4226 | D:4      | Gained mutation: You are covered in thick fur. (AC +2) [Felid growth]
  4226 | D:4      | Reached XP level 6. HP: 17/24 MP: 5/10
  4288 | D:4      | Noticed Marcia's ghost (amateur VSBe)
  4311 | D:4      | Slain by Marcia's ghost
  4312 | D:4      | Reached XP level 5. HP: -2/21 MP: 4/9
  4312 | D:4      | Reached ** piety under Elyvilon
  4312 | D:4      | Quit the game

Skill      XL: |  1  2  3  4  5 |
---------------+----------------+-----
Poison Magic   | 3 4 |  4.9
Unarmed Combat | 1 2 |  2.9
Stealth        | 3 4 |  4.8
Air Magic      | 1 |  1.6
Dodging        | |  2.7
Spellcasting   | |  2.0
Conjurations   | |  0.8

Action                   |  1- 3 |  4- 6 || total
-------------------------+-------+-------++-------
Melee: Unarmed           |    35 |    15 ||    50
       Bite              |       |     3 ||     3
 Cast: Sting             |    76 |    54 ||   130
       Poisonous Vapours |       |     9 ||     9
Invok: Lesser Healing    |       |     1 ||     1
  Use: Potion            |       |     3 ||     3
 Stab: Sleeping          |     1 |       ||     1
  Eat: Chunk             |    12 |     4 ||    16
Armor: Skin              |     3 |     3 ||     6
Dodge: Dodged            |    42 |    69 ||   111
